 Dungeon Crawl Stone Soup version 0.26-a0-653-g6669bab64c (webtiles) character file.

Game seed: 18044492078817931999

3637 rogsnak the Thaumaturge (level 9, 0/68 HPs)
             Began as a Pale Draconian Earth Elementalist on Oct 4, 2020.
             Was an Initiate of Ru.
             Slain by a hornet (8 damage)
             ... on level 8 of the Dungeon.
             The game lasted 00:22:06 (9038 turns).

rogsnak the Thaumaturge (DrEE)                      Turns: 9038, Time: 00:22:07

Health: 0/68       AC:  8    Str: 12    XL:     9   Next: 87%
Magic:  15/30      EV: 14    Int: 18    God:    Ru [......]
Gold:   458        SH:  0    Dex: 11    Spells: 16/25 levels left

rFire    + . .     SeeInvis .   O - +0 falchion (elec)
rCold    + . .     Faith    .   (no shield)
rNeg     . . .     Spirit   .   (armour unavailable)
rPois    .         Reflect  .   (helmet restricted)
rElec    .         Harm     .   a - scarf {rC+ rF+}
rCorr    .         Rampage  .   s - +0 pair of gloves
MR       .....                  (no boots)
Stlth    +.........             u - amulet of magic regeneration
HPRegen  0.21/turn              J - ring of magical power
MPRegen  0.47/turn              R - ring of attention (curse)

@: lethally poisoned (0 -> -11), short of breath, slowed, very slow
A: breathe steam, unfitting armour, cold-blooded, AC +7
a: Breathe Steam, Sacrifice Purity, Sacrifice Essence, Sacrifice an Eye, Reject
Sacrifices, Renounce Religion


You were on level 8 of the Dungeon.
You worshipped Ru.
Ru was noncommittal.
You visited 2 branches of the dungeon, and saw 9 of its levels.

You collected 458 gold pieces.

Inventory:

Hand Weapons
 j - a +0 vorpal hunting sling
 k - a +0 club
 m - a +0 dagger of protection
 x - a +3 quarterstaff of chaos
 L - a +2 mace of holy wrath
 M - a +1 dagger of venom
 O - a +0 falchion of electrocution (weapon)
 P - a +1 vampiric scimitar
 Q - a +1 broad axe of venom
Missiles
 b - 364 stones (quivered)
 f - 115 arrows
 g - 8 javelins
 q - 40 poisoned darts
 r - 3 curare-tipped darts
 v - 58 bolts
 w - 7 boomerangs
 H - 45 sling bullets
Armour
 a - a scarf of resistance (worn)
 s - a +0 pair of gloves (worn)
Jewellery
 u - an amulet of magic regeneration (around neck)
 J - a ring of magical power (left hand)
 R - a cursed ring of attention (right hand)
Wands
 p - a wand of iceblast (14)
 K - a wand of polymorph (10)
 S - a wand of disintegration (12)
Scrolls
 c - 5 scrolls of enchant weapon {unknown}
 d - 12 scrolls of identify {unknown}
 h - 6 scrolls of remove curse {unknown}
 i - 2 scrolls of enchant armour {unknown}
 l - 2 scrolls of teleportation {unknown}
 n - a scroll of fog {unknown}
 y - 2 scrolls of blinking {unknown}
 D - 3 scrolls of immolation {unknown}
 E - 2 scrolls of fear {unknown}
 F - 3 scrolls of amnesia {unknown}
 N - 2 scrolls of magic mapping {unknown}
Potions
 e - 4 potions of lignification {unknown}
 o - a potion of degeneration {unknown}
 t - 3 potions of curing {unknown}
 z - a potion of resistance {unknown}
 A - a potion of ambrosia {unknown}
 B - a potion of flight {unknown}
 C - a potion of haste
 G - 2 potions of heal wounds {unknown}
 I - 2 potions of stabbing {unknown}


   Skills:
 + Level 2.8 Fighting
 + Level 5.0 Dodging
 - Level 2.0 Stealth
 + Level 8.5 Spellcasting
 * Level 6.0 Conjurations
   Level 1.0 Transmutations
 + Level 7.4 Earth Magic


You had 16 spell levels left.
You knew the following spells:

 Your Spells              Type           Power        Failure   Level
a - Sandblast             Erth           ####..       1%          1
b - Stone Arrow           Conj/Erth      ####..       1%          3
c - Lee's Rapid Deconstr  Erth           ####......   12%         5

Your spell library contained the following spells:

 Spells                   Type           Power        Failure   Level
 Passwall                 Tmut/Erth      ###.....     2%          2
 Beastly Appendage        Tmut           ##....       6%          1
 Wereblood                Tmut           ##......     10%         2
 Petrify                  Tmut/Erth      ###.....     16%         4
 Spider Form              Tmut/Pois      #.........   22%         3
 Ice Form                 Ice/Tmut       #.......     58%         4
 Blade Hands              Tmut           ##........   86%         5


Dungeon Overview and Level Annotations

Branches:
Dungeon (8/15)             Temple (1/1) D:5            Lair (0/6) D:8

Altars:
Ashenzari
Cheibriados
Dithmenos
Elyvilon
Fedhas
Gozag
Hepliaklqana
Kikubaaqudgha
Makhleb
Nemelex Xobeh
Okawaru
Qazlal
Ru
Uskayaw
Vehumet
Wu Jian
Xom
Yredelemnul
Zin
The Shining One

Shops:
D:7 [

Annotations:
D:3 1 runed translucent door
D:7 2 transporters, WaullulaCat's ghost, novice FoFi


Innate Abilities, Weirdness & Mutations

You can breathe blasts of scalding, opaque steam.
Your pale cyan-grey scales are hard. (AC +7)
You cannot fit into any form of body armour.
You are cold-blooded and may be slowed by cold attacks.


Message History

The hornet stings you but does no damage.
You feel sick. The hornet stings you!
You feel yourself slow down.
A jelly comes into view.
The hornet stings you!
* * * LOW HITPOINT WARNING * * *
You feel as though you will be slow longer.
You can move again.
Unknown command.
Press: ? - help, Shift-Dir - straight line, f - jelly
Aim: a jelly (wandering, hasn't noticed you)
You exhale a blast of scalding steam.
The ball of steam misses the hornet.
* * * LOW HITPOINT WARNING * * *
You feel sick.
The hornet is engulfed in a cloud of scalding steam.
The hornet stings you.
* * * LOW HITPOINT WARNING * * *
You feel as though you will be slow longer.
The hornet is engulfed in a cloud of scalding steam.
The hornet stings you!
You die...

#.##.#.......
#.##.###...##
######..........#
#.........#.#..##
#.#######.#.#..###
#.# #..#.#....#
#.# #>.........
#.# ####.#..#.#
#@# #.#.)#.# #y#
#.#..#.# #ยง#
#..#.# #.# #..#.#
J.# ...#.# ...
...##.# ... ###
####


You could see a hornet.

Vanquished Creatures
  Joseph (D:8)
  A hornet (D:7)
  The ghost of Gamer54 the Conjurer, an amateur OpCj (D:2)
  A hippogriff (D:3)
  Duvessa (D:5)
  2 ice beasts
  2 black bears (D:7)
  2 ogres (D:6)
  An orc warrior (D:8)
  A necrophage (D:6)
  A phantom (D:6)
  3 bullfrogs
  Dowan (D:5)
  2 scorpions
  4 killer bees (D:8)
  A howler monkey (D:4)
  A quasit (D:7)
  A centaur zombie (D:7)
  3 hounds
  11 orc priests
  Crazy Yiuf (D:3)
  12 orc wizards
  A bullfrog skeleton (D:7)
  2 iguanas
  Jessica (D:2)
  2 worker ants
  Terence (D:3)
  A hound skeleton (D:4)
  8 adders
  A shadow imp (D:7)
  4 white imps
  An ooze (D:1)
  5 worms
  A dart slug (D:1)
  4 leopard geckos
  40 orcs
  9 bats
  9 giant cockroaches
  10 goblins
  9 hobgoblins
  15 jackals
  3 quokkas
  3 ball pythons
  5 frilled lizards
  A jackal zombie (D:5)
  3 kobolds
  A leopard gecko skeleton (D:5)
  A quokka skeleton (D:7)
  9 rats
204 creatures vanquished.

Notes
Turn   | Place    | Note
-------+----------+-------------------------------------------
     0 | D:1      | rogsnak the Draconian Earth Elementalist began the quest
                  | for the Orb.
     0 | D:1      | Reached XP level 1. HP: 14/14 MP: 3/3
   532 | D:1      | Reached XP level 2. HP: 20/20 MP: 5/5
  1262 | D:1      | Reached XP level 3. HP: 19/26 MP: 6/6
  1267 | D:1      | Learned a level 3 spell: Stone Arrow
  2009 | D:2      | Found a burning altar of Makhleb.
  2009 | D:2      | Found a radiant altar of Vehumet.
  2085 | D:2      | Noticed Jessica
  2253 | D:2      | Found a hide-covered altar of Uskayaw.
  2498 | D:2      | Found a faded altar of an unknown god.
  2901 | D:2      | Reached XP level 4. HP: 33/33 MP: 8/8
  2915 | D:2      | Found a glowing golden altar of the Shining One.
  3230 | D:2      | Killed Jessica
  3437 | D:3      | Found a runed translucent door.
  3441 | D:3      | Noticed Gamer54's ghost (amateur OpCj)
  3458 | D:3      | Reached skill level 3 in Spellcasting
  3476 | D:2      | Killed Gamer54's ghost
  3476 | D:2      | Reached skill level 1 in Fighting
  3476 | D:2      | Reached skill level 4 in Spellcasting
  3476 | D:2      | Reached XP level 5. HP: 12/40 MP: 0/11
  3476 | D:2      | Reached XP level 6. HP: 14/47 MP: 0/12
  3772 | D:3      | Found a runed translucent door.
  4101 | D:3      | Found a sacrificial altar of Ru.
  4169 | D:3      | Became a worshipper of Ru the Awakened
  4223 | D:3      | Found a hazy altar of Hepliaklqana.
  4592 | D:3      | Noticed a hippogriff
  4635 | D:3      | Killed a hippogriff
  4635 | D:3      | Reached skill level 5 in Spellcasting
  4635 | D:3      | Your scales start taking on a pale cyan-grey colour.
  4635 | D:3      | Reached XP level 7. HP: 7/52 MP: 0/14
  4940 | D:3      | Reached skill level 1 in Conjurations
  5111 | D:3      | Found a runed translucent door.
  5111 | D:3      | Noticed Terence
  5112 | D:3      | Noticed Crazy Yiuf
  5133 | D:3      | Killed Terence
  5141 | D:3      | Killed Crazy Yiuf
  5515 | D:4      | Found an iron altar of Okawaru.
  5746 | D:4      | Reached skill level 5 in Earth Magic
  5831 | D:4      | Learned a level 5 spell: Lee's Rapid Deconstruction
  6314 | D:5      | Entered Level 5 of the Dungeon
  6540 | D:5      | Found a staircase to the Ecumenical Temple.
  6552 | Temple   | Entered the Ecumenical Temple
  6636 | D:5      | Found an opulent altar of Gozag.
  7043 | D:5      | Noticed Duvessa
  7043 | D:5      | Noticed Dowan
  7046 | D:5      | Reached XP level 8. HP: 60/60 MP: 16/16
  7056 | D:5      | Killed Duvessa
  7058 | D:5      | Killed Dowan
  7058 | D:5      | Reached skill level 6 in Spellcasting
  7240 | D:6      | Found a blossoming altar of Fedhas.
  7567 | D:6      | Reached skill level 7 in Spellcasting
  7826 | D:6      | Found a glowing silver altar of Zin.
  7920 | D:7      | Noticed a hornet
  7926 | D:7      | Paralysed by a hornet for 1 turns
  7930 | D:7      | Killed a hornet
  7930 | D:7      | Reached XP level 9. HP: 49/67 MP: 7/20
  8059 | D:7      | Found a transporter.
  8060 | D:7      | Noticed WaullulaCat's ghost (novice FoFi)
  8237 | D:7      | Found a transporter.
  8306 | D:7      | Reached skill level 8 in Spellcasting
  8478 | D:7      | Found Poes's Armour Shop.
  8846 | D:8      | Found a staircase to the Lair.
  8846 | D:8      | Noticed Joseph
  8852 | D:8      | Killed Joseph
  8852 | D:8      | Reached skill level 5 in Conjurations
  9004 | D:8      | Reached skill level 5 in Dodging
  9035 | D:8      | Paralysed by a hornet for 3 turns
  9038 | D:8      | Slain by a hornet

Illustrated notes

Levels and vault maps discovered:
D:1:      dpeg_arrival_oval, layout_loops_corners, minmay_tromino_i4
D:2:      layout_loops_ring, amethyst_overflow_temple_binary,
          old_standard_altar, lemuel_coloured_pillars_altar,
          chequers_ecumenical_altar_twisty, minmay_worlds_worst_comb,
          uniq_jessica
D:3:      layout_loops_ring, nicolae_ru_sacrificial_ziggurat,
          lemuel_crystal_altar, ebering_ghost_sewer_f, uniq_crazy_yiuf_cottage,
          uniq_terence
D:4:      layout_layer_cave, okawaru_ov_weapons_minmay
D:5:      layout_loops_ring, grunt_gozag_breadcrumbs,
          minmay_temple_entry_proselytizer, uniq_duvessa
D:6:      layout_gridville, zin_treasury, nicolae_overflow_crystal_walls
D:7:      layout_rooms, gammafunk_ghost_mausoleum, serial_shops,
          nicolae_shop_temple_entry_statues_fountains
D:8:      layout_loops_ring, lair_entry_dummy, kennysheep_flooded_box,
          uniq_joseph
Temple:   eino_wide_crystal_templ

Skill      XL: |  1  2  3  4  5  6  7  8  9 |
---------------+----------------------------+-----
Stealth        | 2 |  2.0
Dodging        | 2 3 4 5 |  5.0
Spellcasting   | 4 5 7 8 |  8.5
Fighting       | 1 2 |  2.8
Earth Magic    | 4 5 6 7 |  7.4
Conjurations   | 2 3 6 |  6.0
Transmutations | |  1.0

Action                   |  1- 3 |  4- 6 |  7- 9 || total
-------------------------+-------+-------+-------++-------
Melee: Unarmed           |   164 |       |       ||   164
       Tailslap          |    20 |    22 |     3 ||    45
       Dagger            |   103 |   254 |    32 ||   389
       Club              |     7 |       |       ||     7
       Quarterstaff      |       |       |    52 ||    52
       Falchion          |       |       |     8 ||     8
 Cast: Sandblast         |    14 |    24 |       ||    38
       Stone Arrow       |     1 |    27 |   145 ||   173
       Lee's Rapid Decon |       |       |     1 ||     1
 Abil: Breathe Steam     |       |       |    11 ||    11
 Stab: Sleeping          |     7 |     1 |     1 ||     9
Armor: Skin              |   119 |   108 |    49 ||   276
Dodge: Dodged            |   180 |   215 |   103 ||   498
       Rpst.: Falchion   |       |       |     1 ||     1

Table legend: (Time is in decaauts)
 A = Elapsed time spent in this place.
 B = Non-inter-level travel time spent in this place.
 C = Inter-level travel time spent in this place.
 D = Time resting spent in this place.
 E = Time spent auto-exploring this place.
 F = Levels seen in this place.
 G = Mean time per level.
                   A        B        C        D        E       F      G
               +--------+--------+--------+--------+--------+-----+--------+
         Total |   9062 |   8925 |    137 |   2152 |   4222 |   9 | 1006.9 |
       Dungeon |   8987 |   8850 |    137 |   2152 |   4197 |   8 | 1123.4 |
        Temple |     74 |     74 |      0 |      0 |     25 |   1 |   74.0 |
               +--------+--------+--------+--------+--------+-----+--------+

Top non-repeatable levels by time:
     D:1: 1998 daAuts
     D:3: 1792 daAuts
     D:2: 1647 daAuts
     D:4: 892 daAuts
     D:5: 848 daAuts
     D:7: 780 daAuts
     D:6: 679 daAuts
     D:8: 348 daAuts
  Temple: 74 daAuts
